 Dungeon Crawl Stone Soup version 0.31.0-11-ge490571c62 (webtiles) character file.

Game seed: 4275520878121689974

12 Curundu the Trooper (level 2, -2/24 HPs)
             Began as a Demonspawn Berserker on Feb 7, 2024.
             Was a Follower of Trog.
             Succumbed to a goblin's poison
             ... on level 1 of the Dungeon.
             The game lasted 00:01:23 (249 turns).

Curundu the Trooper (Demonspawn Berserker)           Turns: 249, Time: 00:01:24

Health: -2/24      AC:  6    Str: 17    XL:     2   Next: 20%
Magic:  2/2        EV: 10    Int:  7    God:    Trog [*.....]
Gold:   72         SH:  5    Dex: 12    Spells: 1/1 levels left

rFire   . . .        a - +0 hand axe
rCold   . . .        (no shield)
rNeg    . . .        e - +0 scale mail
rPois   .            (no helmet)
rElec   .            (no cloak)
rCorr   .            (no gloves)
SInv    .            (no boots)
Will    .....        d - amulet of reflection Stlth
                     (no ring)
HPRegen 0.24/turn    (no ring)
MPRegen 0.08/turn

%: reflection
@: lethally poisoned (-2 -> -13)
A: claws 1
a: Renounce Religion, Berserk


You were on level 1 of the Dungeon.
You worshipped Trog.
Trog was aware of your devotion.
You visited 1 branch of the dungeon, and saw 1 of its levels.

You collected 72 gold pieces.

Inventory:

Hand Weapons
 a - a +0 hand axe (weapon)
Armour
 e - a +0 scale mail (worn)
Jewellery
 d - an amulet of reflection (around neck)
Potions
 b - 2 potions of curing {unknown}
 c - a potion of invisibility {unknown}


   Skills:
 + Level 3.2 Fighting
 + Level 3.0 Axes
 + Level 1.8 Armour
 + Level 1.8 Dodging


You had one spell level left.
You didn't know any spells.
Your spell library was empty.

Dungeon Overview and Level Annotations

Branches:
Dungeon (1/15)

Altars:


Innate Abilities, Weirdness & Mutations

You have sharp fingernails.


Message History

You see here a scroll labelled RICE BEBLACOQ.
A goblin is nearby!
A goblin comes into view. It is wielding a +0 dagger.
Found an escape hatch in the floor.
The goblin hits you but does no damage. The goblin hits you but does no damage.
You are poisoned.
You hit the goblin.
The goblin is heavily wounded.
You closely miss the goblin.
You feel very sick. The goblin closely misses you.
The goblin barely misses you.
You slash the goblin!
You kill the goblin!
Trog accepts your kill.
You closely miss the goblin.
You feel sick.
The goblin hits you with a +1 dagger of venom.
You are lethally poisoned!
A rat comes into view.
You feel very sick.
The rat squeaks loudly.
The goblin barely misses you.
You see here a +0 dagger.
A ball python comes into view.
You feel very sick.
The ball python hisses angrily.
The goblin hits you but does no damage.
You are more poisoned.
The rat falls through a shaft!
The shaft crumbles and collapses.
The ball python moves out of view.
Unknown command.
You hit the goblin.
You kill the goblin!
Trog accepts your kill.
* * * LOW HITPOINT WARNING * * *
You feel very sick.
* * * LOW HITPOINT WARNING * * *
You feel very sick.
Things that are here:
a +1 dagger of venom; a goblin corpse You die...

#.....#.######..#
#.#...........$.#
#.....#.#####...#
#####.......#...#
#...#.......#
#...#####.#?#
#.#.........#
#.......#.#...#
###.#..@).#.?.#
#.#....)#...#
#.+.....#...#
#....S#...#
#.....#....
#........###
#....>..
#....###. #....+


You could see a ball python.

Vanquished Creatures
  A ball python (D:1)
  4 endoplasms (D:1)
  2 goblins (D:1)
  A bat (D:1)
  A frilled lizard (D:1)
  A kobold (D:1)
  A rat (D:1)
11 creatures vanquished.

Notes
Turn   | Place    | Note
-------+----------+-------------------------------------------
     0 | D:1      | Curundu the Demonspawn Berserker began the quest for the
                  | Orb.
     0 | D:1      | Reached XP level 1. HP: 18/18 MP: 1/1
   118 | D:1      | Gained mutation: You have sharp fingernails. [demonic
                  | ancestry]
   118 | D:1      | Reached XP level 2. HP: 20/24 MP: 2/2
   248 | D:1      | HP: 1/24 [poisoned by a goblin]
   249 | D:1      | Succumbed to a goblin's poison

Illustrated notes

Levels and vault maps discovered:
D:1:      dpeg_arrival_three_same_balls, layout_basic

Skill      XL: |  1  2 |
---------------+-------+-----
Axes           | 3 |  3.0
Fighting       | |  3.2
Armour         | |  1.8
Dodging        | |  1.8

Action                     || total
---------------------------++-------
  Melee: Hand axe          ||    21
 Armour: Animal skin       ||     6
         Scale mail        ||     7
  Dodge: Dodged            ||    17
  Block: Other             ||     3
